 Dungeon Crawl Stone Soup version 0.31-a0-152-g6aa68a64a1 (webtiles) character file.

Game seed: 9510039045905370546

247361 relicbr the End of an Era (level 18, -5/141 HPs)
             Began as a Purple Draconian Gladiator on June 4, 2023.
             Was the Champion of Qazlal.
             Slain by a +0 war axe of electrocution (12 damage)
             ... on level 2 of the Elven Halls on June 10, 2023.
             The game lasted 03:33:54 (62853 turns).

relicbr the End of an Era (DrGl)                   Turns: 62853, Time: 03:33:55

Health: -5/141     AC: 14    Str: 23    XL:     18   Next: 82%
Magic:  17/34      EV: 15    Int: 21    God:    Qazlal [******]
Gold:   593        SH: 16    Dex: 17    Spells: 3/37 levels left

rFire   + . .        G - +9 staff of Olgreb {rPois∞}
rCold   + + .        N - +1 buckler {rC+}
rNeg    . . .        (body armour unavailable)
rPois   ∞            f - +0 hat
rElec   +            g - +0 cloak
rCorr   .            C - +2 pair of gloves
SInv    .            (no boots)
Will    ++...        a - amulet of magic regeneration
Stlth   +            y - ring of Cemiez {Fly rC+ Str+7 Slay-3 Stlth+}
HPRegen 0.43/turn    F - ring "Qeodojej" {Contam rF+ Int+6 Dex+2}
MPRegen 0.64/turn

%: repel missiles
@: protected from electricity, flying, very slightly contaminated, studying 2
skills
A: breathe power, AC +10, unfitting armour, cold-blooded
}: 2/15 runes: decaying, serpentine
a: Breathe Dispelling Energy, Renounce Religion, Evoke the Staff of Olgreb,
Upheaval, Elemental Force, Disaster Area


You were on level 2 of the Elven Halls.
You worshipped Qazlal.
Qazlal was exalted by your worship.
You visited 7 branches of the dungeon, and saw 33 of its levels.
You also visited: Ice Cave.

You collected 4480 gold pieces.
You spent 3887 gold pieces at shops.

Inventory:

Hand Weapons
 c - a +0 vampiric lajatang
 d - a +2 dagger of electrocution
 G - the +9 staff of Olgreb (weapon) {rPois∞}
   (You bought it in a shop on level 15 of the Dungeon)

   It enhances your poison magic.
   It grants immunity to poison.
   It can be activated via the 'a'bility menu to radiate toxic energy, with
   effectiveness depending on Evocations skill.
Missiles
 v - 4 throwing nets
 w - 16 javelins
 z - 4 datura-tipped darts
 V - 10 curare-tipped darts
Armour
 f - a +0 hat (worn)
 g - a +0 cloak (worn)
 C - a +2 pair of gloves (worn)
 N - a +1 buckler of cold resistance (worn)
Jewellery
 a - an amulet of magic regeneration (around neck)
 k - an amulet of regeneration
 o - a ring of flight
 t - a ring of see invisible
 y - the ring of Cemiez (left hand) {Fly rC+ Str+7 Slay-3 Stlth+}
   (You bought it in a shop on level 2 of the Orcish Mines)

   [ring of flight]

   Str:       It affects your strength (+7).
   Slay:      It affects your accuracy & damage with ranged weapons and melee
   (-3).
   rC:        It protects you from cold.
   Fly:       It grants you flight.
   Stlth:     It makes you more stealthy.
 F - the ring "Qeodojej" (right hand) {Contam rF+ Int+6 Dex+2}
   (You bought it in a shop on level 2 of the Orcish Mines)

   [ring of intelligence]

   Int:       It affects your intelligence (+6).
   Dex:       It affects your dexterity (+2).
   rF:        It protects you from fire.
   Contam:    It causes magical contamination when unequipped.
 T - an amulet of reflection
 X - a ring of protection from cold
Wands
 b - a wand of flame (57)
 r - a wand of mindburst (6)
 A - a wand of roots (39)
 H - a wand of polymorph (4)
 J - a wand of charming (26)
 Z - a wand of digging (11)
Scrolls
 e - 6 scrolls of teleportation
 j - a scroll of torment
 n - 2 scrolls of fog
 u - 5 scrolls of immolation
 x - 2 scrolls of silence
 D - 3 scrolls of fear
 E - 2 scrolls of brand weapon
 I - 4 scrolls of amnesia
 O - 2 scrolls of poison
 S - 2 scrolls of magic mapping
Potions
 h - 3 potions of haste
 l - 5 potions of brilliance
 m - 7 potions of curing
 p - 5 potions of mutation
 q - 2 potions of ambrosia
 s - 3 potions of berserk rage
 B - 2 potions of invisibility
 K - 4 potions of lignification
 L - 9 potions of might
 M - a potion of heal wounds
 Q - 4 potions of enlightenment
 R - a potion of cancellation {unknown}
Miscellaneous
 i - a phantom mirror
 W - a box of beasts


   Skills:
 - Level 8.0 Fighting
 - Level 6.0 Staves
 - Level 1.7 Throwing
 - Level 6.0 Dodging
 - Level 9.7 Shields
 - Level 10.1 Spellcasting
 - Level 11.7 Conjurations
 - Level 12.0 Fire Magic
 - Level 10.0 Earth Magic
 - Level 8.4 Poison Magic
 * Level 24.4 Invocations


You had 3 spell levels left.
You knew the following spells:

 Your Spells              Type           Power      Damage    Failure   Level
a - Stone Arrow           Conj/Erth      100%       3d13      1%          3
b - Fireball              Conj/Fire      28%        3d12      1%          5
c - Leda's Unmaking       Conj/Erth      27%        9d5       13%         6
d - Ignite Poison         Fire/Tmut/Pois 56%        N/A       1%          3
e - Olgreb's Toxic Radia  Pois           62%        N/A       2%          4
f - Ignition              Fire           28%        3d9       98%         8
g - Blink                 Tloc           20%        N/A       11%         2
h - Swiftness             Air            10%        N/A       22%         3

Your spell library contained the following spells:

 Spells                   Type           Power      Damage    Failure   Level
 Foxfire                  Conj/Fire      100%       2x1d9     1%          1
 Magic Dart               Conj           100%       1d8       1%          1
 Sandblast                Erth           100%       2d20      1%          1
 Shock                    Conj/Air       100%       1d9       1%          1
 Momentum Strike          Conj/Tloc      70%        3d9       1%          2
 Passwall                 Tmut/Erth      25%        N/A       1%          2
 Poisonous Vapours        Pois/Air       84%        N/A       1%          2
 Scorch                   Fire           100%       2d9       1%          2
 Searing Ray              Conj           100%       2d8       1%          2
 Dazzling Flash           Conj/Hex       70%        N/A       1%          3
 Hailstorm                Conj/Ice       35%        3d9       1%          3
 Mephitic Cloud           Conj/Pois/Air  55%        N/A       1%          3
 Apportation              Tloc           20%        N/A       8%          1
 Freeze                   Ice            40%        1d6       8%          1
 Call Imp                 Summ           20%        N/A       11%         2
 Lesser Beckoning         Tloc           20%        N/A       11%         2
 Call Canine Familiar     Summ           10%        N/A       22%         3
 Frozen Ramparts          Ice            20%        1d4       22%         3
 Tukima's Dance           Hex            10%        N/A       22%         3
 Flame Wave               Conj/Fire      57%        2d14      1%          4
 Lee's Rapid Deconstruct  Erth           25%        3d14*     3%          5
 Fulminant Prism          Conj/Hex       17%        3d11      7%          4
 Starburst                Conj/Fire      28%        6d9       9%          6
 Leda's Liquefaction      Hex/Erth       15%        N/A       10%         4
 Alistair's Intoxication  Tmut/Pois      28%        N/A       34%         5
 Freezing Cloud           Conj/Ice/Air   13%        6-21      38%         5
 Airstrike                Air            5%         2d(1-17)  58%         4
 Dispel Undead            Necr           10%        3d9       58%         4
 Ice Form                 Ice/Tmut       10%        N/A       58%         4
 Manifold Assault         Tloc           10%        N/A       58%         4
 Passage of Golubria      Tloc           10%        N/A       58%         4
 Summon Ice Beast         Ice/Summ       10%        N/A       58%         4
 Plasma Beam              Fire/Air       17%        2x1d29    67%         6
 Statue Form              Tmut/Erth      20%        N/A       82%         6
 Agony                    Necr           10%        N/A       90%         5
 Silence                  Hex/Air        5%         N/A       90%         5
 Summon Mana Viper        Hex/Summ       10%        N/A       90%         5
 Yara's Violent Unravell  Hex/Tmut       5%         3d4       90%         5
 Simulacrum               Ice/Necr       5%         N/A       100%        6
 Summon Cactus Giant      Summ           5%         N/A       100%        6
 Monstrous Menagerie      Summ           5%         N/A       100%        7
 Storm Form               Tmut/Air       5%         N/A       100%        7
 Discord                  Hex            5%         N/A       100%        8
 Disjunction              Tloc           5%         N/A       100%        8
 Chain Lightning          Conj/Air       17%        3d23      100%        9
 Fire Storm               Conj/Fire      28%        8d7       100%        9
 Shatter                  Erth           25%        3d22*     100%        9


Dungeon Overview and Level Annotations

Branches:
Dungeon (15/15)            Temple (1/1) D:7            Lair (5/5) D:9
  Swamp (4/4) Lair:2        Snake (4/4) Lair:3        Slime (0/5) Lair:5
    Orc (2/2) D:12            Elf (2/3) Orc:2        Vaults (0/5) D:13
 Depths (0/4) D:15          IceCv (visited)

Altars:
Ashenzari
Cheibriados
Dithmenos
Elyvilon
Fedhas
Gozag
Hepliaklqana
Kikubaaqudgha
Makhleb
Nemelex Xobeh
Okawaru
Qazlal
Ru
Sif Muna
Trog
Uskayaw
Vehumet
Wu Jian
Xom
Yredelemnul
Zin
The Shining One
Jiyva

Shops:
D:2 *   D:13 !   D:15 *   Orc:2 =[=*   Snake:1 [

Annotations:
D:10 2 runed translucent doors, exclusion: obsidian statue, Esekla's ghost, journeyman OpDe
Lair:2 3 runed translucent doors, pigah's ghost, journeyman OpWn
Swamp:3 3 runed translucent doors, Efairey's ghost, adept DsGl; Lusaduv's ghost, adept MiBe
Snake:4 2 runed translucent doors, exclusions: Agnes and 1 more exclusion, Jackthecabe's ghost, adept HORe


Innate Abilities, Weirdness & Mutations

You can breathe bolts of dispelling energy.
Your rich purple scales are hard. (AC +10)
You cannot fit into any form of body armour.
You are cold-blooded and may be slowed by cold attacks.


Message History

The shard of ice misses you.
You block the +0 war axe of electrocution's attack.
You hit the +2 heavy battleaxe but do no damage.
The deep elf knight points at you and mumbles some strange words.
The lance of force hits you!
You are knocked back by the lance of force.
You slam into the rock wall!
You block the +0 war axe of electrocution's attack.
You block the +2 heavy battleaxe's attack.
You barely miss the +2 heavy battleaxe.
You tail-slap the +2 heavy battleaxe, but do no damage.
The deep elf knight hits you but does no damage.
You block the +0 war axe of electrocution's attack.
The deep elf pyromancer gestures wildly while chanting.
The deep elf pyromancer blinks!
You hit the +2 heavy battleaxe but do no damage.
You tail-slap the +2 heavy battleaxe, but do no damage.
You block the +0 war axe of electrocution's attack.
You block the +2 heavy battleaxe's attack.
The deep elf zephyrmancer gestures wildly while chanting.
The deep elf zephyrmancer blinks!
The deep elf knight hits you but does no damage.
The +0 war axe of electrocution misses you.
You barely miss the +2 heavy battleaxe.
You hear a shout!
The deep elf knight casts a spell at you.
The shard of ice hits you! You partially resist.
* * * LOW HITPOINT WARNING * * *
The deep elf knight gestures wildly while chanting.
The deep elf knight seems to speed up.
The deep elf pyromancer gestures wildly while chanting.
The deep elf pyromancer blinks!
You block the deep elf knight's attack.
You block the +2 heavy battleaxe's attack.
The +0 war axe of electrocution hits you!!
* * * LOW HITPOINT WARNING * * *
You feel more protected from physical attacks.
Your resistance to physical damage fades away.
You feel protected from electricity.
You are electrocuted!
You die...

*,,,**,,,e,,* #..# **++*
,,,,,,,,,#.,* #..# *,,*
*,*,*,***#.,* #e.####.,*
,,*,,,* #$.* #.§.>...,*
*,,,*** #.e####......,,*
*,,,** #.....e..#****,*
**,,,* *#..e.e§.# *,*
**,,*****#.####(e#####.**
**,,,,,,..,* #@e......,*
**~,~,,...,,* #(○######,*
~~~~,,..⌠,*,* #°○# *,*
~~~∩,,⌠.,,*,* #..# *,*
**** ~~~~,,.,⌠,*,*
#..#*****>****,,*
~~~~~~~,,**,*
#........,,,,,,,*
***,,*,,,,,,*
*#++#####.,,,,,,,*
*,,******,*
*,,,,****,,*****+**
*,,******,* *,,,,,**,,,*
**,,,*


You could see 3 deep elf knights, a deep elf pyromancer, a deep elf zephyrmancer
and 2 dancing weapons.

Vanquished Creatures
  A tentacled monstrosity (Swamp:4)
  Rupert (D:12)
  2 thorn hunters (Swamp:4)
  Agnes (Snake:4)
  6 nagarajas (Snake:4)
  A fenstrider witch (Swamp:2)
  Aizul (Snake:3)
  3 deep elf sorcerers (Elf:1)
  A reaper (IceCv)
  Azrael (D:13)
  2 eleionomae
  7 bunyips
  Snorg (Orc:2)
  A shambling mangrove (Swamp:4)
  2 ice dragons
  3 vault guards (D:13)
  7 salamander tyrants
  3 catoblepae
  3 ghost crabs
  17 hydras
  9 anacondas
  A rakshasa (D:15)
  5 boulder beetles
  6 alligators
  5 centaur warriors
  3 dancing weapons
  2 two-headed ogres
  8 death yaks
  13 naga warriors
  A tengu warrior (D:13)
  8 naga sharpshooters
  3 orc high priests
  7 shock serpents
  Sonja (Lair:3)
  2 deep elf knights
  Amaemon (Lair:3)
  3 goliath frogs
  13 swamp dragons
  7 naga ritualists
  2 salamander mystics (Snake:4)
  11 spriggan druids
  3 deep elf archers
  3 lindwurms (Swamp:4)
  2 bog bodies
  7 orc knights
  A wizard (D:15)
  A necromancer (D:15)
  16 deep elf pyromancers
  11 mana vipers
  15 deep elf zephyrmancers (Elf:1)
  22 ugly things
  15 salamanders
  7 orc sorcerers
  10 cyclopes
  8 manticores
  A moth of wrath (shapeshifter) (Elf:1)
  15 naga magi
  6 will-o-the-wisps
  An ice statue (IceCv)
  An orange demon (Lair:3)
  A torpor snail (Lair:4)
  19 elephants
  A centaur zombie (D:15)
  7 gargoyles
  2 unseen horrors
  44 black mambas
  8 cane toads
  15 guardian serpents
  Psyche (D:11)
  2 rime drakes
  A yaktaur (shapeshifter) (D:14)
  A kobold demonologist (D:13)
  An efreet (D:15)
  2 freezing wraiths (D:13)
  2 anaconda simulacra (IceCv)
  9 komodo dragons
  A tengu conjurer (D:13)
  A polar bear (Lair:4)
  2 trolls
  10 hornets
  A bloated husk (Swamp:3)
  10 tyrant leeches
  2 dream sheep (Lair:5)
  25 blink frogs
  A raiju (Snake:3)
  5 slime creatures
  2 shadows
  3 centaur simulacra (D:15)
  8 spriggans
  2 dire elephant simulacra (IceCv)
  2 wyverns
  26 yaks
  2 air elementals (Elf:1)
  2 wraiths
  A water elemental (Elf:1)
  A vampire (D:12)
  6 fire elementals
  6 basilisks
  A steam dragon (D:8)
  A death yak simulacrum (IceCv)
  A redback simulacrum (D:13)
  20 vampire mosquitoes
  Menkaure (D:5)
  3 wargs
  21 swamp worms
  An acid dragon (D:14)
  32 nagas
  17 water moccasins
  3 hell hounds (D:13)
  A sky beast (shapeshifter) (Elf:1)
  A floating eye (shapeshifter) (Elf:1)
  2 ice beasts
  7 swamp drakes
  A sky beast (D:6)
  22 orc warriors
  2 black bears
  5 ogres
  8 wolves
  13 centaurs
  3 phantoms
  3 kobold brigands
  23 bullfrogs
  An earth elemental (Elf:1)
  3 scorpions (D:5)
  A two-headed ogre simulacrum (IceCv)
  2 cane toad simulacra (IceCv)
  5 wights
  A hornet simulacrum (D:13)
  13 killer bees
  2 elephant simulacra (IceCv)
  14 howler monkeys
  2 electric eels (D:9)
  6 hounds
  4 jellies
  16 orc priests
  2 gnoll boudas
  5 iguanas
  A sleepcap (D:5)
  Ijyb (D:5)
  23 orc wizards
  6 polar bear simulacra
  6 troll simulacra (IceCv)
  6 spriggan simulacra (IceCv)
  A wolf simulacrum (IceCv)
  14 gnolls
  6 adders
  8 naga simulacra (IceCv)
  6 white imps (IceCv)
  6 ufetubi
  43 orcs
  3 ball pythons
  2 bats
  6 endoplasms
  2 giant cockroaches
  4 goblins
  4 hobgoblins
  12 kobolds
  3 quokkas
  5 frilled lizards
  5 rats
997 creatures vanquished.

Vanquished Creatures (collateral kills)
  Vashnia (Snake:4)
  Jorgrun (D:12)
  2 dire elephants (Snake:3)
  A death yak (Lair:4)
  An orc high priest (Orc:2)
  2 naga sharpshooters (Snake:4)
  Urug (D:12)
  Nergalle (D:12)
  A skyshark (Lair:4)
  A naga ritualist (Snake:4)
  An orc sorcerer (Orc:2)
  A black mamba (Snake:3)
  A guardian serpent (Snake:3)
  A wraith (D:12)
  4 nagas
  2 orc warriors
  2 orc priests (D:12)
  An orc (D:12)
25 creatures vanquished.

Vanquished Creatures (others)
  A deep elf knight (Elf:1)
  A bloated husk (Swamp:1)
  An air elemental (Elf:1)
  A water elemental (Elf:1)
  16 foxfires
20 creatures vanquished.

Grand Total: 1042 creatures vanquished

Notes
Turn   | Place    | Note
-------+----------+-------------------------------------------
     0 | D:1      | relicbr the Draconian Gladiator began the quest for the
                  | Orb.
     0 | D:1      | Reached XP level 1. HP: 17/17 MP: 1/1
   315 | D:1      | Reached XP level 2. HP: 24/24 MP: 2/2
   866 | D:2      | Reached XP level 3. HP: 29/31 MP: 3/3
   960 | D:2      | Found Poocas's Assorted Antiques.
  1795 | D:3      | Found a bloodstained altar of Trog.
  1930 | D:4      | Noticed a wight
  2039 | D:4      | Reached XP level 4. HP: 29/41 MP: 4/4
  2292 | D:4      | Reached skill level 5 in Fighting
  2292 | D:4      | Reached XP level 5. HP: 38/48 MP: 5/5
  2428 | D:4      | Noticed a black bear
  2434 | D:4      | Killed a black bear
  2435 | D:4      | Reached XP level 6. HP: 50/58 MP: 6/6
  2796 | D:4      | Your scales start taking on a rich purple colour.
  2796 | D:4      | Reached XP level 7. HP: 29/66 MP: 7/7
  3458 | D:5      | Entered Level 5 of the Dungeon
  3727 | D:5      | Reached skill level 5 in Staves
  3727 | D:5      | Reached skill level 1 in Spellcasting
  4033 | D:5      | Noticed Ijyb
  4049 | D:5      | Killed Ijyb
  4138 | D:5      | Reached skill level 1 in Shields
  4195 | D:5      | Learned a level 3 spell: Stone Arrow
  4257 | D:5      | Noticed Menkaure
  4278 | D:5      | Killed Menkaure
  4279 | D:5      | Reached XP level 8. HP: 11/74 MP: 10/10
  4549 | D:5      | Reached skill level 1 in Conjurations
  5934 | D:6      | Reached skill level 5 in Dodging
  6309 | D:7      | Reached XP level 9. HP: 81/81 MP: 13/13
  6464 | D:7      | Found a staircase to the Ecumenical Temple.
  6484 | Temple   | Entered the Ecumenical Temple
  6899 | Temple   | Became a worshipper of Qazlal Stormbringer
  7055 | D:7      | Reached skill level 5 in Shields
  7289 | D:7      | Got Tosuhieg's Almanac of the Sun
  7623 | D:7      | Reached skill level 1 in Earth Magic
  8374 | D:8      | Killed an unseen horror
  8481 | D:8      | Reached skill level 5 in Spellcasting
  8629 | D:8      | Reached XP level 10. HP: 79/88 MP: 4/17
  9140 | D:9      | Noticed a two-headed ogre
  9156 | D:9      | Killed a two-headed ogre
  9169 | D:8      | Reached skill level 5 in Conjurations
  9252 | D:8      | Reached * piety under Qazlal
  9605 | D:9      | Reached skill level 1 in Invocations
 10002 | D:9      | Reached skill level 5 in Earth Magic
 10131 | D:9      | Found a staircase to the Lair.
 10568 | D:10     | Entered Level 10 of the Dungeon
 10689 | D:10     | Noticed a gargoyle
 10700 | D:10     | Killed a gargoyle
 10942 | D:10     | Noticed a gargoyle
 10958 | D:10     | Killed a gargoyle
 10959 | D:10     | Reached skill level 2 in Invocations
 11100 | D:10     | Found a glowing golden altar of the Shining One.
 11117 | D:10     | Reached ** piety under Qazlal
 11284 | D:10     | Found a runed translucent door.
 11340 | D:10     | Found a runed translucent door.
 11340 | D:10     | Noticed a necromancer
 11344 | D:10     | Noticed a lich
 11345 | D:10     | Noticed a skeletal warrior
 11345 | D:10     | Noticed a skeletal warrior
 11346 | D:10     | Noticed Esekla's ghost (journeyman OpDe)
 11387 | D:10     | Noticed a two-headed ogre
 11422 | D:10     | Killed a two-headed ogre
 11526 | D:10     | Noticed a gargoyle
 11533 | D:10     | Killed a gargoyle
 11534 | D:10     | Reached XP level 11. HP: 83/94 MP: 4/23
 11674 | D:10     | Noticed a brown ugly thing
 11683 | D:10     | Killed a purple ugly thing
 11898 | D:10     | Reached skill level 3 in Invocations
 12268 | D:10     | Noticed an obsidian statue
 12570 | Lair:1   | Entered Level 1 of the Lair of Beasts
 13327 | Lair:1   | Learned a level 5 spell: Fireball
 13585 | D:9      | Reached skill level 4 in Invocations
 13637 | D:9      | Reached skill level 10 in Spellcasting
 13637 | D:9      | Reached skill level 1 in Fire Magic
 14350 | Lair:1   | Noticed an ice dragon
 14580 | Lair:2   | Identified the +5 falchion of the Pillar {protect, Dex+2}
 14601 | Lair:2   | Reached *** piety under Qazlal
 14724 | Lair:2   | Reached XP level 12. HP: 101/101 MP: 16/26
 14999 | Lair:2   | Found a staircase to the Swamp.
 15202 | Lair:2   | Reached skill level 5 in Invocations
 15278 | Lair:2   | Noticed a five-headed hydra
 15311 | Lair:2   | Killed a five-headed hydra
 15312 | Lair:2   | Reached skill level 10 in Conjurations
 15792 | Lair:2   | Found a runed translucent gate.
 15793 | Lair:2   | Found a runed translucent gate.
 15793 | Lair:2   | Found a runed translucent gate.
 15795 | Lair:2   | Noticed pigah's ghost (journeyman OpWn)
 15988 | Lair:3   | Noticed Amaemon
 15997 | Lair:3   | Killed Amaemon
 17109 | Lair:3   | Found a staircase to the Snake Pit.
 17341 | Lair:3   | Noticed Sonja
 17348 | Lair:3   | Killed Sonja
 17660 | Lair:4   | Found a frozen archway.
 17683 | Lair:4   | Noticed a six-headed hydra
 17685 | IceCv    | Entered an ice cave
 17815 | IceCv    | Reached skill level 6 in Invocations
 18595 | IceCv    | Reached **** piety under Qazlal
 18946 | IceCv    | Reached XP level 13. HP: 89/107 MP: 23/27
 19017 | IceCv    | Noticed a reaper
 19031 | IceCv    | Killed a reaper
 20258 | Lair:4   | Reached skill level 5 in Fire Magic
 20441 | Lair:3   | Reached skill level 7 in Invocations
 21303 | Lair:5   | Entered Level 5 of the Lair of Beasts
 21431 | Lair:4   | Reached skill level 8 in Invocations
 22447 | Lair:4   | Reached skill level 9 in Invocations
 22810 | Lair:5   | Found a staircase to the Slime Pits.
 22810 | Lair:5   | Found a viscous altar of Jiyva.
 23713 | Lair:5   | Reached skill level 10 in Invocations
 23753 | Lair:5   | Learned a level 8 spell: Ignition
 24213 | Lair:5   | Reached XP level 14. HP: 115/115 MP: 13/28
 25431 | Lair:5   | Got the Anthology of Doom
 26175 | Lair:1   | Reached skill level 11 in Invocations
 26926 | D:11     | Noticed Psyche
 26936 | D:11     | Killed Psyche
 27283 | D:11     | Reached skill level 10 in Fire Magic
 28397 | D:12     | Noticed Urug
 28588 | D:12     | Noticed Nergalle
 28592 | D:12     | Killed Nergalle
 28687 | D:12     | Killed Urug
 29168 | D:12     | Found a staircase to the Orcish Mines.
 29535 | D:12     | Noticed Rupert
 29544 | D:12     | Killed Rupert
 29545 | D:12     | Reached skill level 12 in Invocations
 29549 | D:12     | Noticed Jorgrun
 29560 | D:12     | Killed Jorgrun
 29777 | Orc:1    | Entered Level 1 of the Orcish Mines
 29911 | Orc:2    | Entered Level 2 of the Orcish Mines
 30001 | Orc:1    | Noticed Snorg
 30010 | Orc:2    | Killed Snorg
 31033 | Orc:2    | Found a staircase to the Elven Halls.
 31495 | Orc:2    | Found Padary Zies's Mayhem Merchandise.
 31512 | Orc:2    | Bought the Unrestrained Analects for 460 gold pieces
 31516 | Orc:2    | Learned a level 3 spell: Ignite Poison
 31521 | Orc:2    | Learned a level 4 spell: Olgreb's Toxic Radiance
 32040 | Orc:2    | Reached skill level 1 in Poison Magic
 33192 | Orc:2    | Reached XP level 15. HP: 55/121 MP: 1/29
 33404 | Orc:2    | Found Xomaug's Jewellery Boutique.
 33409 | Orc:2    | Found Ireivode's Antique Armour Emporium.
 33413 | Orc:2    | Bought the ring "Qeodojej" {Contam rF+ Int+6 Dex+2} for 583
                  | gold pieces
 33419 | Orc:2    | Found Zubaz's Jewellery Emporium.
 33421 | Orc:2    | Found Ytyumn's Armour Boutique.
 33427 | Orc:2    | Bought the ring of Cemiez {Fly rC+ Str+7 Slay-3 Stlth+} for
                  | 436 gold pieces
 33759 | D:13     | Reached skill level 5 in Poison Magic
 33764 | D:13     | Noticed Azrael
 33885 | D:13     | Found Lyabletiro's Distillery.
 33915 | D:13     | Bought a potion of heal wounds for 80 gold pieces
 33915 | D:13     | Bought a potion of heal wounds for 80 gold pieces
 33915 | D:13     | Bought a potion of curing for 48 gold pieces
 34633 | D:13     | Found the +8 frozen axe "Frostbite" {freeze, freezing
                  | cloud, *Noise Fly rC+}
 35070 | D:13     | Found a sacrificial altar of Ru.
 35482 | D:13     | Killed Azrael
 35681 | D:13     | Found a gate to the Vaults.
 36510 | D:14     | Reached skill level 13 in Invocations
 37052 | D:14     | Reached ***** piety under Qazlal
 37378 | D:14     | Learned a level 6 spell: Leda's Unmaking
 37383 | D:15     | Entered Level 15 of the Dungeon
 37385 | D:15     | Found Hedanozo's Assorted Antiques.
 38550 | D:15     | Found a shimmering blue altar of Sif Muna.
 38634 | D:15     | Found an ornate altar of the Wu Jian Council.
 38706 | D:15     | Got the Thoughts on Discontinuous Beckoning
 39530 | D:15     | Found a staircase to the Depths.
 39675 | D:15     | Identified a scroll of acquirement
 39675 | D:15     | Acquired 604 gold pieces
 40044 | Snake:1  | Entered Level 1 of the Snake Pit
 40331 | Snake:1  | Reached XP level 16. HP: 122/128 MP: 8/30
 40858 | Snake:1  | Reached skill level 10 in Earth Magic
 41228 | Snake:1  | Reached skill level 14 in Invocations
 42811 | Snake:1  | Found Xisiug's Armour Emporium.
 43054 | Snake:2  | Reached skill level 15 in Invocations
 44338 | Snake:2  | Found a glowing golden altar of the Shining One.
 45449 | Snake:2  | Reached skill level 16 in Invocations
 48310 | Snake:3  | Reached skill level 17 in Invocations
 49470 | Snake:4  | Entered Level 4 of the Snake Pit
 50433 | Snake:4  | Noticed Agnes
 50924 | Swamp:1  | Entered Level 1 of the Swamp
 51207 | Swamp:1  | Reached skill level 18 in Invocations
 51666 | Swamp:1  | Reached XP level 17. HP: 134/134 MP: 23/31
 52585 | Swamp:1  | Acquired an amulet of magic regeneration
 52790 | D:15     | Bought the +9 staff of Olgreb {rPois∞} for 2200 gold pieces
 52790 | D:15     | Found the +9 staff of Olgreb {rPois∞}
 53055 | Swamp:2  | Learned a level 2 spell: Blink
 53059 | Swamp:2  | Learned a level 3 spell: Swiftness
 53398 | Swamp:1  | Reached skill level 19 in Invocations
 54776 | Swamp:3  | Reached skill level 20 in Invocations
 55333 | Swamp:3  | Found a runed translucent gate.
 55333 | Swamp:3  | Noticed Efairey's ghost (adept DsGl)
 55334 | Swamp:3  | Found a runed translucent gate.
 55336 | Swamp:3  | Found a runed translucent gate.
 55351 | Swamp:3  | Noticed Lusaduv's ghost (adept MiBe)
 55354 | Swamp:3  | Noticed Efairey's ghost (adept DsGl)
 55511 | Swamp:4  | Entered Level 4 of the Swamp
 55580 | Swamp:4  | Noticed a tentacled monstrosity
 55686 | Swamp:4  | Killed a tentacled monstrosity
 55961 | Swamp:4  | Reached skill level 21 in Invocations
 56217 | Swamp:4  | Reached ****** piety under Qazlal
 56620 | Swamp:4  | Got a decaying rune of Zot
 57221 | Snake:4  | Killed Agnes
 57538 | Snake:4  | Reached XP level 18. HP: 126/141 MP: 20/32
 57612 | Snake:4  | Reached skill level 22 in Invocations
 57708 | Snake:4  | Noticed Vashnia
 57906 | Snake:4  | Noticed Aizul
 58204 | Snake:3  | Killed Aizul
 58327 | Snake:4  | Identified the +5 glaive of Gallantry {protect, Drain rPois
                  | rN+++ Dex-4}
 58844 | Snake:4  | Identified the +1 trident "Gont" {freeze, rC+ Str+3 Int+3}
 59610 | Snake:4  | Reached skill level 23 in Invocations
 59812 | Snake:4  | Killed Vashnia
 60067 | Snake:4  | Found a large runed translucent door.
 60067 | Snake:4  | Found a large runed translucent door.
 60068 | Snake:4  | Noticed Jackthecabe's ghost (adept HORe)
 60460 | Snake:4  | Upgraded the game from 0.31-a0-145-g046c7d2549 to
                  | 0.31-a0-152-g6aa68a64a1
 60678 | Snake:4  | Got a serpentine rune of Zot
 61142 | Elf:1    | Entered Level 1 of the Elven Halls
 61142 | Elf:1    | Found a runed translucent gate.
 61142 | Elf:1    | Found a runed translucent gate.
 61142 | Elf:1    | Found a runed translucent gate.
 61142 | Elf:1    | Found a runed translucent gate.
 61142 | Elf:1    | Found a runed translucent gate.
 61142 | Elf:1    | Found a runed translucent gate.
 61143 | Elf:1    | Found a runed translucent door.
 61161 | Elf:1    | Found a runed translucent door.
 61786 | Elf:1    | Reached skill level 24 in Invocations
 61924 | Elf:1    | Found a shimmering altar of Xom.
 62100 | Elf:1    | Paralysed by an air elemental for 1 turns
 62102 | Elf:1    | Paralysed by an air elemental for 1 turns
 62106 | Elf:1    | Paralysed by an air elemental for 1 turns
 62853 | Elf:2    | HP: 7/141 [+0 war axe of electrocution (22)]
 62853 | Elf:2    | Slain by a +0 war axe of electrocution

Illustrated notes

Levels and vault maps discovered:
D:1:      spicycebolla_arrival_xxxplode, layout_rooms,
          shapermc_ecumenical_altar_petra
D:2:      layout_loops_ring, serial_shops, shop, kennysheep_cluttered_room
D:3:      layout_basic, lemuel_coloured_pillars_altar
D:4:      layout_cave_pods
D:5:      layout_basic, serial_aquarium, aquarium_bridge_square
          [aquarium_subvault_bridge, aquarium_subvault_bridge,
          aquarium_subvault_bridge, aquarium_subvault_wall],
          aquarium_bridge_square [aquarium_subvault_bridge,
          aquarium_subvault_bridge, aquarium_subvault_balcony,
          aquarium_subvault_balcony], aquarium_window_corner,
          aquarium_window_fake, aquarium_window_fake, aquarium_view_2c,
          aquarium_pool_2, lemuel_flamethrower_2, uniq_ijyb, uniq_menkaure
D:6:      layout_layer_cave, roderic_serpentine_path
D:7:      minmay_octagon_keep, layout_basic, minmay_temple_entry_mist
D:8:      layout_basic, kennysheep_generic_room_12
D:9:      layout_cave_pools, lair_entry_dummy, serial_bayou_lake_a
D:10:     cheibrodos_statue_roulette, layout_irregular_city, tso_metal_star,
          muffindrake_ghost_dual_entry, minivault_16
D:11:     layout_loops_corners, uniq_psyche
D:12:     layout_rooms, david_orc_4, drop_trap, hangedman_decor_lopped,
          uniq_urug, uniq_jorgrun, uniq_nergalle, uniq_rupert
D:13:     minmay_coctagon, layout_long_grid, lightli_vaults_fourway_checkpoint,
          serial_shops, shop, nicolae_ru_the_path_less_chosen, uniq_azrael
D:14:     layout_roguey, hangedman_abyss_or_decor_lesser_grid
D:15:     grunt_enter_depths_magical_seal, layout_cave_pools, serial_shops,
          shop, nzn_wu_jian_council_hall, chequers_serial_rivers_marsh,
          nicolae_sif_muna_condensation
Temple:   mainiacjoe_temple_big_plus
Lair:1:   dragon1_lemuel, layout_gridlike
Lair:2:   layout_chaotic_city, swamp_mist, gammafunk_ghost_necromancy,
          beast_lair_carwin_6
Lair:3:   layout_hall_layers, minmay_snake_entry_guardpost_medium, uniq_sonja,
          uniq_amaemon
Lair:4:   layout_regular_city, portal_ice_cave_entry_ice_simulacra
Lair:5:   hangedman_lair_in_review, layout_misc_corridors, slime_entry_1
Swamp:1:  layout_basic_swamp, hangedman_swamp_blocks
Swamp:2:  layout_basic_swamp, nicolae_swamp_stair_fork
Swamp:3:  layout_falls_marsh, gammafunk_ghost_cemetery,
          evilmike_swamp_ruin_house_5, swamp_pool2, nicolae_swamp_tree_designs
Swamp:4:  swamp_alternative, layout_basic_swamp
Snake:1:  layout_layer_cave, serial_shops, nicolae_lakefront_shop,
          grunt_ministairs_4, drop_trap
Snake:2:  layout_grid_maze, basic_altar, nicolae_snake_salamander_stairs,
          nicolae_triple_integral, lemuel_fruit_tree
Snake:3:  layout_misc_corridors, beargit_elvish_explorers, grunt_megastairs_2
Snake:4:  snake_hunt, layout_onion, ebering_ghost_disaster_area,
          grunt_megastairs_4, serial_bayou_shore_b, uniq_vashnia, uniq_aizul,
          uniq_agnes
Orc:1:    layout_caves, uniq_snorg
Orc:2:    st_orc_elflike, layout_diamond_mine, minmay_shop_mayhem, mines1_david
Elf:1:    nicolae_elf_arrival_dilemma, layout_rooms, basic_altar,
          evilmike_minifort, minivault_25_ag, minivault_11
Elf:2:    elven_hall_of_blades_hangedman_original
          [nicolae_vaults_blade_armed_guards], layout_gridlike, serial_shops,
          bzr_entry_lakeside

Skill      XL: |  1  2  3  4  5  6  7  8  9 10 11 12 13 14 15 16 17 18 |
---------------+-------------------------------------------------------+-----
Fighting       | 3 4 5 6 7 8 |  8.0
Staves         | 4 5 6 |  6.0
Dodging        | 3 5 6 |  6.0
Spellcasting   | 1 3 5 8 10 | 10.1
Shields        | 1 4 6 9 |  9.7
Conjurations   | 2 4 6 9 11 | 11.7
Earth Magic    | 3 6 9 10 | 10.0
Invocations    | 2 4 6 10 12 13 18 21 24 | 24.4
Fire Magic     | 2 4 8 11 12 | 12.0
Poison Magic   | 4 8 |  8.4
Throwing       | |  1.7

Action                     |  1- 3 |  4- 6 |  7- 9 | 10-12 | 13-15 | 16-18 || total
---------------------------+-------+-------+-------+-------+-------+-------++-------
  Melee: Quarterstaff      |    10 |       |       |       |       |       ||    10
         Spear             |    81 |   130 |   536 |   358 |   177 |       ||  1282
         Tailslap          |    10 |    19 |    84 |    48 |    81 |    45 ||   287
         Punch             |       |     6 |     1 |       |       |       ||     7
         Dagger            |       |       |       |       |   183 |   110 ||   293
         Staff             |       |       |       |       |       |   159 ||   159
   Fire: Sling             |     2 |       |       |       |       |       ||     2
  Throw: Stone             |    12 |    13 |     1 |       |       |       ||    26
         Dart              |       |     3 |       |     4 |       |     6 ||    13
         Javelin           |       |     2 |       |       |       |       ||     2
         Throwing net      |       |       |       |       |     3 |     5 ||     8
   Cast: Stone Arrow       |       |       |     8 |   373 |   517 |    72 ||   970
         Fireball          |       |       |       |     3 |   131 |   358 ||   492
         Olgreb's Toxic Ra |       |       |       |       |    53 |    62 ||   115
         Ignite Poison     |       |       |       |       |    46 |    68 ||   114
         Leda's Unmaking   |       |       |       |       |    20 |   285 ||   305
 Invoke: Elemental Force   |       |       |       |     2 |     9 |     7 ||    18
         Disaster Area     |       |       |       |       |       |     3 ||     3
Ability: Breathe Dispellin |       |       |    54 |    71 |    51 |    23 ||   199
         Evoke the Staff o |       |       |       |       |       |    12 ||    12
  Evoke: Wand              |       |     4 |     5 |    16 |    20 |     1 ||    46
         Box of beasts     |       |       |       |       |     2 |     1 ||     3
         Phantom mirror    |       |       |       |       |       |     2 ||     2
    Use: Potion            |       |       |     1 |       |     5 |     7 ||    13
         Scroll            |       |       |     5 |     4 |    12 |    23 ||    44
   Stab: Sleeping          |       |       |     4 |       |       |       ||     4
         Held in net/web   |       |       |       |       |     1 |     1 ||     2
         Paralysed         |       |       |       |       |       |     1 ||     1
 Armour: Skin              |    11 |    15 |    91 |    81 |    97 |   109 ||   404
  Dodge: Dodged            |    43 |    84 |   340 |   329 |   334 |   315 ||  1445
         Repelled          |       |       |       |       |    13 |    50 ||    63
  Block: Kite shield       |       |       |   328 |   455 |    69 |       ||   852
         Reflection        |       |       |       |     2 |    43 |    47 ||    92
         Buckler           |       |       |       |       |   612 |   598 ||  1210

Table legend: (Time is in decaauts)
 A = Elapsed time spent in this place.
 B = Non-inter-level travel time spent in this place.
 C = Inter-level travel time spent in this place.
 D = Time resting spent in this place.
 E = Time spent auto-exploring this place.
 F = Levels seen in this place.
 G = Mean time per level.
                   A        B        C        D        E       F      G
               +--------+--------+--------+--------+--------+-----+--------+
         Total |  63106 |  58866 |   4240 |  14230 |  34148 |  34 | 1856.1 |
       Dungeon |  23685 |  21607 |   2078 |   3619 |  14028 |  15 | 1579.0 |
        Temple |    445 |    402 |     43 |      0 |    393 |   1 |  445.0 |
          Lair |  11830 |  10934 |    896 |   2518 |   6497 |   5 | 2366.0 |
         Swamp |   5071 |   4865 |    206 |    993 |   3016 |   4 | 1267.8 |
     Snake Pit |  14381 |  13589 |    792 |   4921 |   6561 |   4 | 3595.2 |
  Orcish Mines |   4012 |   3826 |    186 |   1204 |   1856 |   2 | 2006.0 |
   Elven Halls |   1488 |   1451 |     37 |    158 |    972 |   2 |  744.0 |
      Ice Cave |   2190 |   2190 |      0 |    817 |    824 |   1 | 2190.0 |
               +--------+--------+--------+--------+--------+-----+--------+

Top non-repeatable levels by time:
 Snake:2: 4834 daAuts
 Snake:1: 3598 daAuts
 Snake:3: 3434 daAuts
  Lair:5: 2884 daAuts
   Orc:2: 2745 daAuts
     D:9: 2579 daAuts
  Lair:4: 2544 daAuts
 Snake:4: 2515 daAuts
  Lair:2: 2514 daAuts
  Lair:3: 2450 daAuts
    D:14: 2411 daAuts
    D:13: 2237 daAuts
   IceCv: 2190 daAuts
    D:10: 1984 daAuts
    D:11: 1780 daAuts
